 Dungeon Sprint DCSS version 0.24-a0-335-g06ca16af6c (webtiles) character file.

Game seed: 10931972916683817851

15100000 Hercules1031 the Intangible (level 27, -29/298 HPs)
             Began as a Deep Dwarf Warper on May 20, 2019.
             Was the Champion of Makhleb.
             Killed by the air
             ... invoked by a tyrant
              (60 damage)
             ... in the Dungeon (Sprint VIII: "Arena of Blood").
             The game lasted 00:05:18 (151 turns).

Hercules1031 the Intangible (Deep Dwarf Warper)      Turns: 151, Time: 00:05:18

Health: -29/298    AC:  6    Str: 15    XL:     27
Magic:  53/53      EV: 35    Int: 18    God:    Makhleb [******]
Gold:   0          SH:  0    Dex: 21    Spells: 80/80 levels left

rFire    + . .     SeeInvis .   c - +∞ Axe of Woe
rCold    . . .     Gourm    .   (shield currently unavailable)
rNeg     + . .     Faith    .   b - +0 leather armour
rPois    .         Spirit   .   (no helmet)
rElec    .         Reflect  .   (no cloak)
rCorr    .         Harm     .   (no gloves)
MR       ++++.     NoTele   +   (no boots)
Stlth    +++++++++.             (no amulet)
HPRegen  0.00/turn              l - ring of protection from fire
MPRegen  0.33/turn              (no ring)

@: non-regenerating
A: damage resistance, heal wounds, negative energy resistance 1, sense
surroundings 3, no regeneration
a: Heal Wounds, Minor Destruction, Lesser Servant of Makhleb, Major Destruction,
Greater Servant of Makhleb, Renounce Religion


You were in the Dungeon.
You worshipped Makhleb.
Makhleb was exalted by your worship.
You were not hungry.

You visited 1 branch

Inventory:

Hand Weapons
 a - a +0 hand axe
 c - the +∞ Axe of Woe (weapon)
   (You found it in the Dungeon)
Missiles
 e - 5 boomerangs of dispersal (quivered)
Armour
 b - a +0 leather armour (worn)
Jewellery
 h - a +30 ring of slaying
 l - a ring of protection from fire (left hand)
 m - a +200 ring of slaying
 n - a +200 ring of slaying
 o - a +30 ring of slaying
 p - a +30 ring of slaying
Scrolls
 d - a scroll of blinking
Potions
 i - a potion of haste
 j - 2 potions of magic
 k - a potion of berserk rage
Comestibles
 f - a ration


   Skills:
 O Level 27 Fighting
 O Level 27 Axes
 O Level 27 Throwing
 O Level 27 Armour
 O Level 27 Dodging
 O Level 27 Stealth
 O Level 27 Unarmed Combat
 O Level 27 Spellcasting
   Level 3.2 Translocations
 O Level 27 Invocations


You had 80 spell levels left.
You didn't know any spells.
Your spell library contained the following spells:

 Spells                   Type           Power        Failure   Level  Hunger
 Blink                    Tloc           N/A          1%          2    None
 Shroud of Golubria       Chrm/Tloc      ####......   1%          2    None
 Gell's Gravitas          Tloc           #####.....   1%          3    None
 Lesser Beckoning         Tloc           #####.....   1%          3    None
 Teleport Other           Tloc           #####...     1%          3    None
 Passage of Golubria      Tloc           N/A          3%          4    None


Dungeon Overview and Level Annotations

Branches:
Dungeon (1/1)

Altars:
Makhleb


Innate Abilities, Weirdness & Mutations

You are resistant to damage.
You can heal yourself by infusing magical energy.
You resist negative energy. (rN+)
You passively map a large area around you.
You do not regenerate.


Message History

The fleshlord casts a spell.
The fleshlord seems to speed up.
The eight-headed meat hydra calls on the powers of darkness!
The eight-headed meat hydra convulses!
The meat berserker convulses!
Your body is wracked with pain!
* * * LOW HITPOINT WARNING * * *
Something is bathed in an unholy light!
The bag of meat convulses!
The meat berserker convulses!
The fleshlord convulses!
The eight-headed meat hydra convulses!
The bag of meat convulses!
You hear a shout!
The meat berserker is engulfed in blazing flames.
The meat berserker dies!
You hear a shout! x3
The crawling corpse is engulfed in blazing flames.
The crawling corpse is destroyed!
The sculptor of flesh is engulfed in blazing flames.
The corpses begin to drag themselves along the ground!
The tyrant waves its bony arms in wide circles.
The air twists around and strikes you!
You die... , .D.X L##.....#.....#.... ,, .XoL #.X....#....##..... , ,,, zVXXo,#X..###.%..#....... , §DXp.

z........#......... ,
..zOXo.z..............###
,
,#..X2o####))%.%....####
, ,§...o.W.#))x....#### ,
....D.z§x.%%.#### **
,..=..O§§@.####
###########


You could see a meat beast, a tyrant, 2 eight-headed meat hydras, a destroyer, a
fleshlord, 2 sculptors of flesh, a large bag of meat (inner flame), 6 large
abominations, a dread, a meat berserker (berserk), 4 bags of meat and 2 crawling
corpses.

Vanquished Creatures
  2 hell knights (D)
  9 hell beasts (D)
  5 greater mummies (D)
  4 great orbs of eyes (D)
  16 vampire knights (D)
  31 ogres (D)
  3 two-headed ogres (D)
  3 liches (D)
  4 hydras (D)
  60 orcs (D)
  5 phantoms (D)
  A skeletal warrior (D)
  A sea snake (D)
  3 large abominations (D)
  3 small abominations (D)
  3 crawling corpses (D)
153 creatures vanquished.

Vanquished Creatures (others)
  A great orb of eyes (D)
  An ogre (D)
  2 sea snakes (D)
  6 crawling corpses (D)
10 creatures vanquished.

Grand Total: 163 creatures vanquished

Notes
Turn   | Place    | Note
-------+----------+-------------------------------------------
     0 | D        | Found the +∞ Axe of Woe
     0 | D        | Hercules1031 the Deep Dwarf Warper began the quest for the
                  | Orb.
     0 | D        | Reached XP level 1. HP: 19/19 MP: 3/3
     1 | D        | Noticed a meat berserker
     2 | D        | Noticed a meat berserker
     4 | D        | Became a worshipper of Makhleb the Destroyer
     5 | D        | Killed a meat berserker
     5 | D        | Reached skill level 15 in Fighting
     5 | D        | Reached XP level 2. HP: 52/52 MP: 4/4
     5 | D        | Reached XP level 3. HP: 60/60 MP: 5/5
     5 | D        | Reached XP level 4. HP: 68/68 MP: 6/6
     5 | D        | Reached XP level 5. HP: 75/75 MP: 7/7
     5 | D        | Reached XP level 6. HP: 84/84 MP: 8/8
     5 | D        | Reached XP level 7. HP: 91/91 MP: 9/9
     5 | D        | Reached XP level 8. HP: 99/99 MP: 10/10
     5 | D        | Gained mutation: You passively map the area around you.
                  | [Deep Dwarf growth]
     5 | D        | Reached XP level 9. HP: 108/108 MP: 11/11
     5 | D        | Reached XP level 10. HP: 116/116 MP: 12/12
     5 | D        | Reached XP level 11. HP: 123/123 MP: 13/13
     5 | D        | Reached XP level 12. HP: 132/132 MP: 14/14
     5 | D        | Reached XP level 13. HP: 139/139 MP: 15/15
     5 | D        | Noticed a meat berserker
     5 | D        | Noticed a bag of meat
     5 | D        | Noticed a bag of meat
     6 | D        | Killed a meat berserker
     6 | D        | Reached * piety under Makhleb
     6 | D        | Gained mutation: You resist negative energy. (rN+) [Deep
                  | Dwarf growth]
     6 | D        | Reached XP level 14. HP: 143/156 MP: 16/16
     7 | D        | Noticed a meat berserker
     7 | D        | Noticed a bag of meat
     7 | D        | Noticed a bag of meat
     8 | D        | Noticed a bag of meat
     8 | D        | Noticed a bag of meat
     8 | D        | Noticed a meat berserker
     9 | D        | Noticed a bag of meat
     9 | D        | Noticed a meat berserker
     9 | D        | Noticed a bag of meat
     9 | D        | Noticed a meat berserker
    10 | D        | Killed a meat berserker
    10 | D        | Reached XP level 15. HP: 169/169 MP: 17/17
    10 | D        | Noticed a meat berserker
    11 | D        | Killed a meat berserker
    11 | D        | Reached ** piety under Makhleb
    11 | D        | Reached XP level 16. HP: 184/184 MP: 18/18
    13 | D        | Killed a meat berserker
    13 | D        | Reached *** piety under Makhleb
    13 | D        | Reached skill level 27 in Axes
    13 | D        | Reached skill level 27 in Armour
    13 | D        | Reached skill level 27 in Dodging
    13 | D        | Reached XP level 17. HP: 207/207 MP: 19/19
    13 | D        | Reached skill level 27 in Fighting
    14 | D        | Killed a meat berserker
    14 | D        | Gained mutation: You passively map a large area around you.
                  | [Deep Dwarf growth]
    14 | D        | Reached XP level 18. HP: 218/218 MP: 19/41
    15 | D        | Killed a meat berserker
    15 | D        | Reached **** piety under Makhleb
    15 | D        | Killed a meat berserker
    15 | D        | Reached skill level 15 in Throwing
    15 | D        | Reached skill level 27 in Spellcasting
    15 | D        | Reached XP level 19. HP: 226/226 MP: 19/50
    16 | D        | Reached ***** piety under Makhleb
    16 | D        | Noticed a meat berserker
    17 | D        | Noticed a destroyer
    17 | D        | Noticed a meat berserker
    17 | D        | Noticed a meat berserker
    19 | D        | Reached XP level 20. HP: 236/236 MP: 20/51
    21 | D        | Noticed a meat berserker
    21 | D        | Killed a meat berserker
    21 | D        | Reached skill level 27 in Throwing
    21 | D        | Noticed a destroyer
    22 | D        | Noticed a meat berserker
    23 | D        | Killed a meat berserker
    23 | D        | Reached skill level 15 in Unarmed Combat
    23 | D        | Reached XP level 21. HP: 244/244 MP: 21/52
    24 | D        | Reached ****** piety under Makhleb
    24 | D        | Reached skill level 27 in Stealth
    24 | D        | Reached skill level 27 in Invocations
    25 | D        | Noticed a destroyer
    25 | D        | Noticed a large bag of meat
    25 | D        | Noticed a destroyer
    27 | D        | Noticed a destroyer
    27 | D        | Reached skill level 27 in Unarmed Combat
    27 | D        | Reached XP level 22. HP: 109/254 MP: 22/53
    27 | D        | Killed a destroyer
    27 | D        | Killed a destroyer
    27 | D        | Reached XP level 23. HP: 262/262 MP: 22/54
    31 | D        | Noticed a destroyer
    31 | D        | Killed a destroyer
    31 | D        | Reached XP level 24. HP: 272/272 MP: 23/54
    32 | D        | Noticed a destroyer
    34 | D        | Reached XP level 25. HP: 280/280 MP: 24/54
    35 | D        | Noticed a large bag of meat
    37 | D        | Killed a destroyer
    37 | D        | Reached XP level 26. HP: 290/290 MP: 25/54
    37 | D        | Killed a large bag of meat
    38 | D        | Reached XP level 27. HP: 298/298 MP: 25/54
    39 | D        | Noticed a destroyer
    43 | D        | Killed a large bag of meat
    43 | D        | Noticed a destroyer
    48 | D        | Killed a destroyer
    50 | D        | Noticed a destroyer
    51 | D        | Killed a destroyer
    51 | D        | Noticed a tyrant
    52 | D        | Noticed a destroyer
    53 | D        | Noticed a large bag of meat
    55 | D        | Noticed an accursed
    58 | D        | Noticed a destroyer
    58 | D        | Noticed an accursed
    60 | D        | Noticed a destroyer
    61 | D        | Killed an accursed
    66 | D        | Killed a tyrant
    66 | D        | Killed a destroyer
    67 | D        | Killed a destroyer
    69 | D        | Killed a destroyer
    71 | D        | Killed an accursed
    72 | D        | Noticed a meat beast
    73 | D        | Killed a meat beast
    74 | D        | Killed a destroyer
    78 | D        | Noticed a meat beast
    90 | D        | Noticed an accursed
    90 | D        | Noticed a tyrant
    92 | D        | Killed a tyrant
    99 | D        | Killed an accursed
   107 | D        | Killed a destroyer
   120 | D        | Noticed a meat beast
   122 | D        | Noticed an accursed
   122 | D        | Noticed a meat beast
   125 | D        | Killed a meat beast
   125 | D        | Noticed a destroyer
   127 | D        | Noticed a fleshlord
   128 | D        | Noticed a tyrant
   130 | D        | Killed a destroyer
   131 | D        | Noticed a fleshlord
   131 | D        | Noticed an accursed
   132 | D        | Killed an accursed
   133 | D        | Noticed a destroyer
   133 | D        | Noticed a meat beast
   133 | D        | Noticed a meat beast
   133 | D        | Noticed a dread
   134 | D        | Noticed a large bag of meat
   134 | D        | Noticed a large bag of meat
   134 | D        | Noticed a tyrant
   134 | D        | Noticed a fleshlord
   135 | D        | Noticed a meat beast
   135 | D        | Noticed a meat beast
   136 | D        | Killed a meat beast
   136 | D        | Killed a destroyer
   137 | D        | Noticed a meat beast
   137 | D        | Killed a meat beast
   137 | D        | Killed a meat beast
   138 | D        | Killed a fleshlord
   139 | D        | Killed a meat beast
   140 | D        | Killed a meat beast
   140 | D        | Noticed a destroyer
   140 | D        | Noticed a destroyer
   141 | D        | Noticed a destroyer
   141 | D        | Killed a meat beast
   142 | D        | Killed a destroyer
   144 | D        | Killed a meat beast
   144 | D        | Killed a destroyer
   144 | D        | Killed a tyrant
   145 | D        | Killed a fleshlord
   147 | D        | Noticed a meat beast
   148 | D        | Killed an accursed
   150 | D        | Killed a large bag of meat
   150 | D        | Killed a destroyer
   150 | D        | Noticed a tyrant
   151 | D        | Killed from afar by a tyrant

Levels and vault maps discovered:
D:        meatsprint

Skill      XL: |  1  2  3  4  5  6  7  8  9 10 11 12 13 14 15 16 17 18 19 20 21 |
---------------+----------------------------------------------------------------+-----
Fighting       | 15 18 19 22 26 27 | 27.0
Axes           | 18 20 22 25 27 | 27.0
Armour         | 18 20 22 25 27 | 27.0
Dodging        | 18 20 22 25 27 | 27.0
Throwing       | 6 15 26 27 | 27.0
Spellcasting   | 19 27 | 27.0
Stealth        | 23 27 | 27.0
Unarmed Combat | 17 27 | 27.0
Invocations    | 23 27 | 27.0
Translocations | |  3.2

Action                   |  1- 3 |  4- 6 |  7- 9 | 10-12 | 13-15 | 16-18 | 19-21 | 22-24 | 25-27 || total
-------------------------+-------+-------+-------+-------+-------+-------+-------+-------+-------++-------
Melee: Executioner's axe |     1 |       |       |       |     3 |     4 |     7 |     5 |    58 ||    78
 Abil: Heal Wounds       |       |       |       |       |       |       |       |       |     5 ||     5
  Use: Potion            |       |       |       |       |       |       |       |       |     2 ||     2
       Scroll            |       |       |       |       |       |       |       |       |     1 ||     1
Armor: Leather armour    |       |       |       |       |       |       |     1 |       |       ||     1
Dodge: Dodged            |       |       |       |       |       |       |       |       |    12 ||    12

Table legend:
 A = Non-vault XP
 B = Vault XP
 C = Vault XP percentage of total XP
 D = Non-vault monster count
 E = Vault monster count
 F = Vault count percentage of total count
                 A         B        C        D         E       F
            +---------+---------+-------+---------+---------+-------
      Total | 4032778 | 1405049 |  25.8 |      86 |      64 |  42.7
            +---------+---------+-------+---------+---------+-------
          D | 4032778 | 1405049 |  25.8 |      86 |      64 |  42.7
            +---------+---------+-------+---------+---------+-------
